 Dungeon Crawl Stone Soup version 0.28.0-47-ge53b351184 (webtiles) character file.

Game seed: 12248183623882270981

179 Peloso the Covered (level 5, 0/47 HPs)
             Began as a Minotaur Fighter on Apr 29, 2022.
             Succumbed to Terence's poison
             ... on level 3 of the Dungeon.
             The game lasted 00:02:43 (2383 turns).

Peloso the Covered (Minotaur Fighter)               Turns: 2383, Time: 00:02:44

Health: 0/47       AC:  7    Str: 20    XL:     5   Next: 32%
Magic:  4/4        EV:  9    Int:  5    God:
Gold:   111        SH:  5    Dex: 12    Spells: 4/4 levels left

rFire   . . .      SeeInvis .   a - +0 long sword
rCold   . . .      Faith    .   c - +0 buckler
rNeg    . . .      Spirit   .   b - +0 scale mail
rPois   .          Reflect  .   (helmet restricted)
rElec   .          Harm     .   (no cloak)
rCorr   .          Rampage  .   (no gloves)
Will    .....                   (no boots)
Stlth   ..........              i - amulet of regeneration
HPRegen 0.95/turn               (no ring)
MPRegen 0.09/turn               (no ring)

@: lethally poisoned (0 -> -12)
A: horns 2, retaliatory headbutt
a: no special abilities


You were on level 3 of the Dungeon.
You visited 1 branch of the dungeon, and saw 3 of its levels.

You collected 111 gold pieces.

Inventory:

Hand Weapons
 a - a +0 long sword (weapon)
Armour
 b - a +0 scale mail (worn)
 c - a +0 buckler (worn)
Jewellery
 h - a ring of fire
 i - an amulet of regeneration (around neck)
 o - a ring of resist corrosion
Scrolls
 f - a scroll of acquirement {unknown}
 g - a scroll of brand weapon {unknown}
 k - a scroll of amnesia {unknown}
 m - 2 scrolls of enchant armour {unknown}
Potions
 d - 2 potions of might
 e - a potion of cancellation {unknown}
 j - a potion of brilliance {unknown}
 l - a potion of haste {unknown}
 n - a potion of mutation {unknown}


   Skills:
 + Level 4.5 Fighting
 + Level 4.3 Long Blades
 + Level 5.0 Armour
 + Level 1.2 Dodging
 + Level 0.2 Stealth
 + Level 4.1 Shields


You had 4 spell levels left.
You didn't know any spells.
Your spell library was empty.

Dungeon Overview and Level Annotations

Branches:
Dungeon (3/15)

Altars:

Annotations:
D:3 2 transporters, 101zpm's ghost, amateur TeSu


Innate Abilities, Weirdness & Mutations

You have a pair of horns on your head.
You reflexively headbutt those who attack you in melee.


Message History

You are poisoned.
You hit Terence but do no damage.
You feel very sick. Terence hits you but does no damage.
You are more poisoned.
You hit Terence.
Terence is lightly wounded.
You feel very sick. Terence hits you but does no damage.
You are more poisoned.
You barely miss Terence. You headbutt Terence.
Terence is moderately wounded.
You feel very sick. Terence hits you but does no damage.
You are more poisoned.
The rat barely misses you.
You barely miss Terence.
Terence is moderately wounded.
You feel very sick. Terence hits you but does no damage.
The rat barely misses you. Terence hits you but does no damage.
You are more poisoned.
You barely miss Terence.
Terence is moderately wounded.
You feel extremely sick. You block the rat's attack. Terence barely misses you.
You hit Terence. Your headbutt misses Terence.
Terence is heavily wounded.
You feel very sick. The rat bites you but does no damage.
Terence hits you with a +1 short sword of venom.
* * * LOW HITPOINT WARNING * * *
You are more poisoned.
You slash Terence!
You kill Terence!
* * * LOW HITPOINT WARNING * * *
You feel extremely sick. The rat bites you but does no damage.
The rat barely misses you.
Your Armour skill increases to level 5!
You die...

#........# #####
#........# ##...##
#.....$..# #......
####....!...# #......
#...........# #......
#...........####......
#...........#........#
#..r@......#.........
#..........#.........
#..........#.......#.
#..........#.......#.
#..........#.......#.
#..........#.......#.
#..........#.......#.
#####......#....#....
#...........>.......


You could see a rat.

Vanquished Creatures
  A hound (D:3)
  Terence (D:3)
  Natasha (D:2)
  Robin (D:3)
  An adder (D:3)
  A worm (D:2)
  3 dart slugs
  4 endoplasms
  A giant cockroach (D:1)
  8 hobgoblins
  8 kobolds
  3 quokkas
  5 ball pythons
  6 bats
  5 frilled lizards
  14 goblins
  5 rats
68 creatures vanquished.

Notes
Turn   | Place    | Note
-------+----------+-------------------------------------------
     0 | D:1      | Peloso the Minotaur Fighter began the quest for the Orb.
     0 | D:1      | Reached XP level 1. HP: 19/19 MP: 0/0
   180 | D:1      | Reached skill level 4 in Armour
   180 | D:1      | Reached XP level 2. HP: 27/27 MP: 1/1
   367 | D:1      | Found a faded altar of an unknown god.
  1006 | D:1      | Reached XP level 3. HP: 33/33 MP: 2/2
  1434 | D:2      | Noticed Natasha
  1442 | D:2      | Killed Natasha
  1662 | D:2      | Reached XP level 4. HP: 38/40 MP: 3/3
  1834 | D:2      | You fall into a shaft and drop 1 floor!
  1834 | D:3      | Noticed Robin
  1849 | D:3      | Killed Robin
  1859 | D:3      | Reached skill level 1 in Dodging
  1889 | D:3      | Found a transporter.
  1898 | D:3      | Found a transporter.
  1902 | D:3      | Noticed 101zpm's ghost (amateur TeSu)
  2185 | D:3      | Reached XP level 5. HP: 47/47 MP: 4/4
  2372 | D:3      | Noticed Terence
  2382 | D:3      | Killed Terence
  2383 | D:3      | Reached skill level 5 in Armour
  2383 | D:3      | Succumbed to Terence's poison

Illustrated notes

Levels and vault maps discovered:
D:1:      scummos_arrival_forest, layout_loops_corners,
          shapermc_ecumenical_altar_mp_highgroup, serial_forest,
          infiniplex_forest_straight_2, infiniplex_forest_lined_2,
          infiniplex_forest_straight_2, infiniplex_forest_lined_4_way,
          infiniplex_forest_clump_long, infiniplex_forest_clump_tiny,
          infiniplex_forest_corner_2, infiniplex_forest_lined_corner,
          minivault_19, dk_noncrumbling_3, minmay_pentomino_p2
D:2:      layout_loops_ring, minmay_misc_feat_alley, uniq_natasha
D:3:      layout_basic, gammafunk_ghost_stat_death, lemuel_old_faithful,
          uniq_robin, uniq_terence

Skill      XL: |  1  2  3  4  5 |
---------------+----------------+-----
Armour         | 4 5 |  5.0
Fighting       | 4 |  4.5
Long Blades    | 3 4 |  4.3
Shields        | 4 |  4.1
Dodging        | 1 |  1.2
Stealth        | |  0.2

Action                   |  1- 3 |  4- 6 || total
-------------------------+-------+-------++-------
Melee: Long sword        |    77 |    61 ||   138
       Headbutt          |     7 |     8 ||    15
Armor: Scale mail        |    41 |    40 ||    81
Dodge: Dodged            |    38 |    30 ||    68
Block: Buckler           |    13 |    13 ||    26
